 Dungeon Crawl Stone Soup version 0.17.1-3-g152610e (webtiles) character file.

79 juanjsm the Sneak (level 4, 0/21 HPs)
             Began as a Spriggan Enchanter on Apr 18, 2016.
             Killed from afar by Natasha (13 damage)
             ... with a wand of flame
             ... on level 2 of the Dungeon on Apr 19, 2016.
             The game lasted 00:08:40 (1736 turns).

juanjsm the Sneak (Spriggan Enchanter)              Turns: 1736, Time: 00:08:40

Health: 0/21       AC:  3    Str:  4    XL:     4   Next: 17%
Magic:  5/10       EV: 19    Int: 16    God:
Gold:   147        SH:  0    Dex: 17    Spells: 4 memorised, 1 level left

rFire  . . .     SeeInvis +     a - +1 dagger
rCold  . . .     Clarity  .     b - +1 robe
rNeg   . . .     SustAt   .     (shield restricted)
rPois  .         Gourm    .     (helmet restricted)
rElec  .         Spirit   .     (no cloak)
rCorr  .         Warding  .     (gloves unavailable)
rMut   .         Stasis   .     (boots unavailable)
MR     .....                    (no amulet)
Stlth  ++++......               (no ring)
                                (no ring)

@: very slightly contaminated, very quick, not resistant to hostile
enchantments, stealthy
A: unfitting armour, see invisible, herbivore 3, speed 3, slow metabolism 2
a: no special abilities


You were on level 2 of the Dungeon.
You were not hungry.

You visited 1 branch of the dungeon, and saw 4 of its levels.

You collected 147 gold pieces.

Inventory:

Hand Weapons
 a - a +1 dagger (weapon)
Armour
 b - a +1 robe (worn)
 n - a +0 cloak
Scrolls
 h - 3 scrolls of identify {unknown}
 i - a scroll of random uselessness {unknown}
 j - a scroll of magic mapping {unknown}
 k - a scroll of fear {unknown}
 l - a scroll of teleportation {unknown}
 r - a scroll of immolation {unknown}
 s - a scroll of recharging {unknown}
Potions
 e - a potion of beneficial mutation {unknown}
 f - a potion of brilliance {unknown}
 m - a potion of magic {unknown}
 o - a potion of curing {unknown}
 p - a potion of agility {unknown}
Books
 c - a book of Maledictions

   Spells                             Type                      Level
   a - Corona                         Hexes                        1
   b - Ensorcelled Hibernation        Hexes/Ice                    2
   c - Confuse                        Hexes                        3
   d - Tukima's Dance                 Hexes                        3
   e - Dazzling Spray                 Conjuration/Hexes            3
Comestibles
 d - 2 bread rations
 g - a slice of pizza
 q - a royal jelly


   Skills:
 + Level 1.2 Short Blades
 + Level 3.8 Dodging
 + Level 5.8 Stealth
 + Level 3.5 Spellcasting
 + Level 4.2 Hexes


You had one spell level left.
You knew the following spells:

 Your Spells              Type           Power        Failure   Level  Hunger
a - Corona                Hex            ###....      3%          1    None
b - Ensorcelled Hibernat  Hex/Ice        #.....       12%         2    ##.....
c - Confuse               Hex            ###.....     12%         3    ###....
d - Dazzling Spray        Conj/Hex       #.......     21%         3    ###....


Dungeon Overview and Level Annotations

Branches:
Dungeon (4/15)
 Temple: D:4-7

Altars:
Dithmenos

Annotations:
D:2 Natasha
D:3 Grinder


Innate Abilities, Weirdness & Mutations

You are tiny and cannot use many weapons and most armour.
You have supernaturally acute eyesight.
You are a herbivore.
You cover ground extremely quickly.
You need consume almost no food.


Message History

Natasha shimmers violently.
Natasha zaps a wand.
The puff of flame misses you.
Casting: Ensorcelled Hibernation
Confirm with . or Enter, or press ? or * to list all spells.
Aiming: Ensorcelled Hibernation
Press: ? - help, Shift-Dir - straight line, f - Natasha
Aim: Natasha, carrying a wand of flame {zapped: 2} (chance to defeat MR: 40%) Natasha resists with some effort.
Natasha stares at you and mumbles some strange words.
The magic dart hits you!
Casting: Ensorcelled Hibernation
Confirm with . or Enter, or press ? or * to list all spells.
Aiming: Confuse
Press: ? - help, Shift-Dir - straight line, f/p - Natasha
Aim: Natasha, carrying a wand of flame {zapped: 2} (chance to defeat MR: 47%)
You miscast Confuse.
You are very lightly contaminated with residual magic.
Nothing appears to happen.
Natasha zaps a wand.
The puff of flame hits you!
Ouch! That really hurt!
You die...

.......##.## ...
..>....#..# [..
######.†.## ....
#....#.#.# ##....
#...##h### ##......
#.†##...## ........
#.##.....##g.......
#†#......(#........
#.@..._...........
###.......#.......
##.....##.......
##...## .......
##[## ####### #...
#####


You could see Natasha.

Vanquished Creatures
  2 adders
  An ooze (D:4)
  3 worms
  5 orcs (D:3)
  A ball python (D:1)
  4 giant cockroaches
  2 goblins (D:1)
  5 hobgoblins
  4 jackals
  2 kobolds
  4 bats
  A giant gecko (D:2)
  7 rats
41 creatures vanquished.

Notes
Turn   | Place    | Note
--------------------------------------------------------------
     0 | D:1      | juanjsm the Spriggan Enchanter began the quest for the Orb.
     0 | D:1      | Reached XP level 1. HP: 9/9 MP: 5/5
   164 | D:2      | Noticed Natasha
   205 | D:1      | Reached XP level 2. HP: 13/13 MP: 4/6
   209 | D:1      | Learned a level 2 spell: Ensorcelled Hibernation
   593 | D:2      | Reached skill level 5 in Stealth
   593 | D:2      | Reached XP level 3. HP: 16/16 MP: 6/8
  1078 | D:3      | Noticed Grinder
  1493 | D:2      | Reached XP level 4. HP: 21/21 MP: 7/10
  1504 | D:2      | Learned a level 3 spell: Confuse
  1508 | D:2      | Learned a level 3 spell: Dazzling Spray
  1640 | D:2      | Found a shadowy altar of Dithmenos.
  1736 | D:2      | Killed from afar by Natasha

Action                   |  1- 3 |  4- 6 || total
-------------------------+-------+-------++-------
Melee: Dagger            |    95 |    43 ||   138
 Cast: Corona            |     7 |       ||     7
       Ensorcelled Hiber |    16 |     5 ||    21
 Stab: Sleeping          |    19 |     3 ||    22
